 Dungeon Crawl Stone Soup version 0.32-a0-732-ga344392067 (webtiles) character file.

Game seed: 9885441682503319543

4067 runemasterragnar the Trooper (level 10, -4/75 (79) HPs)
             Began as a Coglin Gladiator on Mar 17, 2024.
             Was a Follower of Wu Jian.
             Slain by a wight
             ... wielding a +4 dire flail of freezing
              (8 damage)
             ... on level 8 of the Dungeon.
             The game lasted 00:21:03 (8571 turns).

runemasterragnar the Trooper (Coglin Gladiator)     Turns: 8571, Time: 00:21:03

HP:   -4/75 (79)    AC: 12    Str: 18    XL:     10   Next: 25%
MP:   3/3           EV:  9    Int:  9    God:    Wu Jian [*.....]
Gold: 363           SH:  0    Dex: 15    Spells: 7/9 levels left

rFire   + . .        G - +2 war axe (heavy) {Sebastián}
rCold   . . .        y - +1 hammer of Jeggyote {antimagic, rF+ rN+ SInv}
rNeg    + . .        m - +0 scale mail
rPois   .            c - +0 helmet
rElec   .            (no cloak)
rCorr   .            u - +1 pair of gloves
SInv    +            n - +0 pair of boots
Will    .....        (amulet unavailable) Stlth
                     (ring unavailable)
HPRegen 0.32/turn    (ring unavailable)
MPRegen 0.08/turn    (no gizmo)

%: no passive effects
@: drained, revved
A: off-hand wielding, slow wielding, warmup strikes, no jewellery
a: Invent Gizmo, Renounce Religion


You were on level 8 of the Dungeon.
You worshipped Wu Jian.
Wu Jian was aware of your devotion.
You visited 2 branches of the dungeon, and saw 9 of its levels.

You collected 363 gold pieces.

Inventory:

Hand Weapons
 a - a +0 long sword {Dave}
 f - a +0 dagger {Waldo}
 g - a +2 dagger of protection {Jeff}
 i - a +2 hand axe of freezing
 y - the +1 hammer of Jeggyote (offhand) {antimagic, rF+ rN+ SInv}
   (You found it on level 4 of the Dungeon)

   rF+:       It protects you from fire.
   rN+:       It protects you from negative energy.
   SInv:      It lets you see invisible.
 B - a +1 war axe of freezing {Arnulf}
 E - the +11 sling "Lyjent" {antimagic, rF+ Int+2 Dex+4}
   (You found it on level 7 of the Dungeon)

   Int+2:     It affects your intelligence (+2).
   Dex+4:     It affects your dexterity (+4).
   rF+:       It protects you from fire.
 G - a +2 heavy war axe (weapon) {Sebastián}
Missiles
 d - 3 throwing nets
 e - 6 javelins (quivered)
 l - 5 atropa-tipped darts
 q - 8 poisoned darts
 A - 3 boomerangs
Armour
 c - a +0 helmet (worn)
 m - a +0 scale mail (worn)
 n - a +0 pair of boots (worn)
 u - a +1 pair of gloves (worn)
Wands
 r - a wand of digging (6)
 z - a wand of flame (6)
 F - a wand of polymorph (17)
Scrolls
 b - a scroll of teleportation
 h - a scroll of fear {unknown}
 j - a scroll of enchant weapon
 s - 3 scrolls of vulnerability
 C - 2 scrolls of amnesia
 D - a scroll of brand weapon
 H - a scroll of poison
 I - a scroll of noise
Potions
 k - 2 potions of ambrosia
 o - a potion of degeneration
 p - 2 potions of lignification
 t - a potion of might
 v - a potion of resistance {unknown}
 w - a potion of mutation
 x - a potion of berserk rage


   Skills:
 + Level 7.6 Fighting
 - Level 4.2 Long Blades
 + Level 6.1(6.2) Axes
 - Level 1.6(3.9) Maces & Flails
 + Level 6.9 Throwing
 + Level 6.5 Armour
 - Level 2.6 Dodging


You had 7 spell levels left.
You knew the following spells:

 Your Spells              Type           Power      Damage    Failure   Level
a - Blink                 Tloc           0%         N/A       86%         2

Your spell library contained the following spells:

 Spells                   Type           Power      Damage    Failure   Level
 Ensorcelled Hibernation  Hex/Ice        0%         N/A       86%         2
 Lesser Beckoning         Tloc           0%         N/A       86%         2
 Momentum Strike          Conj/Tloc      0%         3d8       86%         2
 Fugue of the Fallen      Necr           0%         N/A       98%         3
 Inner Flame              Hex/Fire       0%         N/A       98%         3
 Anguish                  Hex/Necr       0%         N/A       100%        4
 Irradiate                Conj/Alch      0%         3d11      100%        5
 Ignition                 Fire           0%         3d3       100%        8


Dungeon Overview and Level Annotations

Branches:
Dungeon (8/15)             Temple (1/1) D:5
   Lair: D:8-11

Altars:
Ashenzari
Cheibriados
Dithmenos
Elyvilon
Fedhas
Gozag
Hepliaklqana
Kikubaaqudgha
Makhleb
Nemelex Xobeh
Okawaru
Qazlal
Ru
Sif Muna
Trog
Uskayaw
Vehumet
Wu Jian
Xom
Yredelemnul
The Shining One

Shops:
D:2 *   D:5 **=:   D:8 ?(!

Annotations:
D:4 1 runed translucent door, Crazy Yiuf
D:5 2 transporters, prad's ghost, novice SpHu
Temple 2 transporters


Innate Abilities, Weirdness & Mutations

You can wield a second weapon in your off-hand.
It takes a long time for you to wield or remove held weapons.
Your first few attacks do less damage.
You cannot equip rings or amulets.


Message History

The howler monkey hits you.
You sock the howler monkey with the +1 hammer of Jeggyote!
You kill the howler monkey!
The Council accepts your kill.
You see here a howler monkey corpse. 2 wights come into view.
A wight is wielding a +3 long sword of freezing.
A wight is wielding a +0 dire flail and wearing a +0 robe of resistance.
A wight comes into view.
It is wielding a +4 dire flail of freezing.
You see here a scroll of poison.
You lunge at the wight.
You slash the wight with your +2 heavy war axe!
The wight is heavily damaged.
You thump the wight with the +1 hammer of Jeggyote!
You destroy the wight!
The Council accepts your kill.
Unknown command.
You spin and attack the wight.
You hit the wight but do no damage.
You closely miss the wight with your +2 heavy war axe.
The wight hits you with a +3 long sword of freezing.
You partially resist.
You feel drained. The wight freezes you. The wight hits you but does no damage.
You barely miss the wight with your +2 heavy war axe.
You hit the wight with your +2 heavy war axe.
You hit the wight but do no damage.
The wight hits you with a +4 dire flail of freezing.
The wight freezes you. The wight barely misses you.
The wight hits you with a +3 long sword of freezing.
The wight freezes you.
The wight hits you with a +4 dire flail of freezing.
The wight freezes you.
* * * LOW HITPOINT WARNING * * *
You sock the wight with the +1 hammer of Jeggyote!
The wight is heavily damaged.
You barely miss the wight with your +2 heavy war axe.
The wight hits you with a +4 dire flail of freezing!
* * * LOW HITPOINT WARNING * * *
You partially resist.
You feel drained.
* * * LOW HITPOINT WARNING * * *
The wight freezes you!
You die...

#...........##
####.
####....<....)##
#....
#.............#
#....
#.............#
#....
#...........#
#####
#...........## #
#.?.†........# #
#..###.#####.#
#. ##zz@..# #...
#. #.##.>..#
##### ...
#.###...# o##.
#.. ##..# #. ##.
..# . .... ..
#.. ..


You could see 2 wights.

Vanquished Creatures
  2 trolls
  2 wyverns (D:7)
  A steam dragon (D:7)
  Duvessa (D:7)
  2 water moccasins
  2 sky beasts (D:7)
  3 ice beasts
  3 ogres
  A black bear (D:7)
  3 centaurs
  A phantom (D:7)
  A kobold brigand (D:6)
  3 bullfrogs
  A scorpion (D:5)
  7 wights
  Dowan (D:7)
  2 howler monkeys
  2 jellies
  2 bombardier beetles
  6 hounds
  3 gnoll boudas (D:7)
  8 iguanas
  An orc wizard (D:5)
  Natasha (thrice) (D:4)
  4 gnolls (D:7)
  4 adders
  3 white imps (D:7)
  An ufetubus (D:6)
  3 dart slugs
  A ribbon worm (D:2)
  11 orcs
  7 endoplasms
  A giant cockroach (D:2)
  8 goblins
  13 hobgoblins
  6 jackals
  7 kobolds
  4 quokkas
  8 ball pythons
  5 bats
  4 frilled lizards
  9 rats
160 creatures vanquished.

Vanquished Creatures (others)
  A sky beast (D:7)
1 creature vanquished.

Grand Total: 161 creatures vanquished

Notes
Turn   | Place    | Note
-------+----------+-------------------------------------------
     0 | D:1      | runemasterragnar the Coglin Gladiator began the quest for
                  | the Orb.
     0 | D:1      | Reached XP level 1. HP: 16/16 MP: 1/1
   124 | D:1      | Reached XP level 2. HP: 22/22 MP: 2/2
   332 | D:1      | Reached XP level 3. HP: 23/28 MP: 3/3
   333 | D:1      | Reached skill level 1 in Armour
  1065 | D:2      | Reached XP level 4. HP: 34/34 MP: 4/4
  1472 | D:2      | Found Aggewe's Assorted Antiques.
  1690 | D:2      | Learned a level 2 spell: Blink
  2076 | D:3      | Found a bloodstained altar of Trog.
  2812 | D:4      | Reached skill level 3 in Fighting
  2820 | D:4      | Reached XP level 5. HP: 15/41 MP: 5/5
  3146 | D:4      | Found a sparkling altar of Nemelex Xobeh.
  3233 | D:4      | Identified the +1 hammer of Jeggyote {antimagic, rF+ rN+
                  | SInv}
  3239 | D:4      | Found a runed translucent door.
  3260 | D:4      | Noticed Crazy Yiuf
  3360 | D:4      | Noticed Natasha
  3369 | D:4      | Killed Natasha
  3760 | D:4      | Noticed Natasha
  3773 | D:4      | Killed Natasha
  3815 | D:4      | Noticed Natasha
  3820 | D:4      | Killed Natasha
  4048 | D:5      | Entered Level 5 of the Dungeon
  4099 | D:5      | Reached XP level 6. HP: 47/47 MP: 6/6
  4164 | D:5      | Found a staircase to the Ecumenical Temple.
  4214 | D:5      | Found a transporter.
  4217 | D:5      | Noticed prad's ghost (novice SpHu)
  4277 | Temple   | Found a transporter.
  4277 | Temple   | Found a transporter.
  4277 | Temple   | Found a transporter.
  4277 | Temple   | Found a transporter.
  4277 | Temple   | Entered the Ecumenical Temple
  4290 | Temple   | Became a worshipper of the Wu Jian Council
  4422 | D:5      | Found Facsaty's Assorted Antiques.
  4422 | D:5      | Found Nahaduva's Assorted Antiques.
  4424 | D:5      | Found Ynoid's Jewellery Shoppe.
  4426 | D:5      | Found Pyask's Book Shoppe.
  4476 | D:5      | Found a basalt altar of Yredelemnul.
  4476 | D:5      | Found a snail-covered altar of Cheibriados.
  4650 | D:5      | Reached skill level 1 in Maces & Flails
  4776 | D:5      | Found a transporter.
  4866 | D:5      | Reached skill level 4 in Fighting
  4866 | D:5      | Reached XP level 7. HP: 51/54 MP: 2/7
  4978 | D:5      | Found a hide-covered altar of Uskayaw.
  5405 | D:6      | Reached skill level 1 in Axes
  5468 | D:6      | Noticed a troll
  5521 | D:6      | Killed a troll
  5522 | D:6      | Reached skill level 5 in Fighting
  5522 | D:6      | Reached XP level 8. HP: 19/62 MP: 2/8
  5578 | D:6      | HP: 1/62 [acid (9)]
  6229 | D:6      | Reached skill level 5 in Throwing
  6267 | D:6      | Found a shimmering altar of Xom.
  6378 | D:7      | Reached * piety under Wu Jian
  6385 | D:7      | Reached XP level 9. HP: 44/69 MP: 3/9
  6594 | D:7      | Reached skill level 6 in Fighting
  6599 | D:7      | Reached skill level 5 in Armour
  6799 | D:7      | Identified the +11 sling "Lyjent" {antimagic, rF+ Int+2
                  | Dex+4}
  6811 | D:7      | Noticed a troll
  6813 | D:7      | Killed a troll
  7148 | D:7      | Noticed Duvessa
  7148 | D:7      | Noticed Dowan
  7180 | D:7      | Killed Duvessa
  7181 | D:7      | Reached skill level 5 in Axes
  7181 | D:7      | Killed Dowan
  7614 | D:7      | Reached skill level 7 in Fighting
  7619 | D:7      | Reached XP level 10. HP: 46/79 MP: 3/10
  8444 | D:8      | Found Puxzam's Magic Scroll Emporium.
  8445 | D:8      | Found Yrruxixi's Antique Weapon Shop.
  8445 | D:8      | Found Etinu's Distillery.
  8571 | D:8      | Slain by a wight

Illustrated notes

Levels and vault maps discovered:
D:1:      heliophobic_arrival_henge, layout_loops_ring,
          chequers_serial_rivers_large_a, hangedman_abyss_or_decor_lesser_grid
D:2:      layout_basic, serial_shops, shop, minmay_misc_feat_room
D:3:      layout_basic, trog_three_pillars_becter,
          chequers_serial_rivers_small_3
D:4:      layout_basic, general_overflow_altar, uniq_natasha,
          uniq_crazy_yiuf_cottage
D:5:      layout_basic, nicolae_uskayaw_suspiria,
          gammafunk_temple_overflow_wave, minmay_temple_entry_nine_rooms,
          gammafunk_ghost_stat_death, minmay_shop_grid_forest
D:6:      minmay_clustersquares, layout_loops_ring, kennysheep_little_box
D:7:      minmay_bubble_buster, layout_loops_cross, uniq_duvessa
D:8:      layout_rooms, due_lair_maze_entry_diamond, enter_bailey_3,
          kennysheep_cross_room, nicolae_wooded_promenade
Temple:   hellmonk_temple_divided_pantheon

Skill      XL: |  1  2  3  4  5  6  7  8  9 10 |
---------------+-------------------------------+-----
Throwing       | 2 3 4 5 6 |  6.9
Armour         | 1 2 3 4 6 |  6.5
Fighting       | 3 4 5 7 |  7.6
Long Blades    | 4 |  4.2
Maces & Flails | 1 |  1.6
Axes           | 2 3 5 6 |  6.1
Dodging        | |  2.6

Action                     |  1- 3 |  4- 6 |  7- 9 | 10-12 || total
---------------------------+-------+-------+-------+-------++-------
  Melee: Long sword        |    88 |   107 |       |       ||   195
         Dagger            |    79 |   102 |       |       ||   181
         War axe           |       |    28 |   142 |    30 ||   200
         Mace              |       |    27 |   123 |    26 ||   176
Ability: Lunge             |       |     2 |    12 |     4 ||    18
         Whirlwind         |       |       |     2 |     1 ||     3
  Evoke: Wand              |       |       |     3 |     3 ||     6
    Use: Scroll            |       |    10 |     3 |     4 ||    17
         Potion            |       |       |     4 |     2 ||     6
   Stab: Sleeping          |     2 |       |       |       ||     2
 Armour: Leather armour    |    63 |       |       |       ||    63
         Scale mail        |     6 |   107 |   154 |    56 ||   323
         Skin              |       |       |    24 |       ||    24
  Dodge: Dodged            |    64 |    61 |    90 |    30 ||   245

Table legend: (Time is in decaauts)
 A = Elapsed time spent in this place.
 B = Non-inter-level travel time spent in this place.
 C = Inter-level travel time spent in this place.
 D = Time resting spent in this place.
 E = Time spent auto-exploring this place.
 F = Levels seen in this place.
 G = Mean time per level.
                   A        B        C        D        E       F      G
               +--------+--------+--------+--------+--------+-----+--------+
         Total |   8713 |   8268 |    445 |   1339 |   5592 |   9 |  968.1 |
       Dungeon |   8687 |   8243 |    444 |   1339 |   5592 |   8 | 1085.9 |
        Temple |     26 |     26 |      0 |      0 |      0 |   1 |   26.0 |
               +--------+--------+--------+--------+--------+-----+--------+

Top non-repeatable levels by time:
     D:7: 2147 daAuts
     D:4: 1448 daAuts
     D:6: 1288 daAuts
     D:5: 1037 daAuts
     D:1: 1026 daAuts
     D:2: 928 daAuts
     D:3: 680 daAuts
     D:8: 129 daAuts
  Temple: 26 daAuts
